 Dungeon Crawl Stone Soup version 0.31.0-9-g3a7656b989 (webtiles) character file.

Game seed: 17997251041208330423

63 qw the Shooter (level 3, -1/29 HPs)
             Began as a Demigod Hunter on Feb 2, 2024.
             Constricted to death by Ijyb (4 damage)
             ... on level 3 of the Dungeon.
             The game lasted 00:00:04 (1520 turns).

qw the Shooter (Demigod Hunter)                     Turns: 1520, Time: 00:00:05

Health: -1/29      AC:  6    Str: 12    XL:     3   Next: 63%
Magic:  5/5        EV:  8    Int: 11    God:
Gold:   119        SH:  0    Dex: 21    Spells: 2/2 levels left

rFire   . . .        a - +0 shortbow
rCold   . . .        (shield currently unavailable)
rNeg    . . .        d - +0 ring mail
rPois   .            (no helmet)
rElec   .            g - +0 cloak
rCorr   .            (no gloves)
SInv    .            (no boots)
Will    .....        (no amulet)
Stlth   +            (no ring)
HPRegen 0.24/turn    (no ring)
MPRegen 0.09/turn

%: no passive effects
@: grasped by roots, constricted
A: high MP 1, forlorn, divine attributes
a: no special abilities


You were on level 3 of the Dungeon.
You visited 1 branch of the dungeon, and saw 3 of its levels.

You collected 119 gold pieces.


Innate Abilities, Weirdness & Mutations

You have an increased reservoir of magic. (+10% MP)
You shall have no god before yourself.
Your divine heritage dramatically boosts your attributes as you level up.


   Skills:
 - Level 2.0 Fighting
 - Level 5.0 Ranged Weapons
 + Level 0.0 Armour
 - Level 1.7 Dodging
 - Level 0.8 Stealth


You had 2 spell levels left.
You didn't know any spells.
Your spell library was empty.

Inventory:

Hand Weapons
 a - a +0 shortbow (weapon)
Armour
 d - a +0 ring mail (worn)
 g - a +0 cloak (worn)
Scrolls
 b - a scroll of fog {unknown}
Potions
 h - a potion of degeneration {unknown}
 i - a potion of enlightenment {unknown}

Dungeon Overview and Level Annotations

Branches:
Dungeon (3/15)

Annotations:
D:3 Ijyb


Message History

Found a stone staircase leading down.
You now have 119 gold pieces (gained 12).
Found an escape hatch in the floor.
Ijyb the Twisted Goblin comes into view.
She is wielding a +0 dagger and carrying a wand of roots.
There is an escape hatch in the floor here.
You shoot an arrow. The arrow hits Ijyb but does no damage.
You shoot an arrow. The arrow barely misses Ijyb.
You shoot an arrow. The arrow hits Ijyb!
Ijyb is moderately wounded.
You shoot an arrow. The arrow closely misses Ijyb.
Ijyb zaps a wand.
The roots erupt in riotous growth!
The grasping roots grab you! The grasping roots constrict you. x2
You shoot an arrow. The arrow barely misses Ijyb.
The grasping roots constrict you.
You shoot an arrow. The arrow hits Ijyb.
Ijyb is heavily wounded.
The grasping roots constrict you.
You shoot an arrow. The arrow hits Ijyb.
Ijyb is severely wounded.
Ijyb closely misses you. The grasping roots constrict you.
Ijyb hits you but does no damage. The grasping roots constrict you.
The grasping roots release their grip on you.
You shoot an arrow. The arrow hits Ijyb but does no damage.
Ijyb is severely wounded.
Ijyb hits you with a +0 dagger.
You shoot an arrow. The arrow hits Ijyb but does no damage.
Ijyb is severely wounded.
Ijyb zaps a wand.
The roots erupt in riotous growth!
The grasping roots grab you!
Ijyb is unaffected.
The grasping roots constrict you.
You hear a shout!
You shoot an arrow. The arrow hits Ijyb but does no damage.
Ijyb is severely wounded.
Ijyb barely misses you. The grasping roots constrict you.
A hobgoblin comes into view.
You shoot an arrow. The arrow hits Ijyb but does no damage.
Ijyb is severely wounded.
Ijyb hits you with a +0 dagger. The grasping roots constrict you.
You die...

#.#.....###.# #.#
#.#>........# .#.
#.#.#.#####.# # #
#.#.#........
#............
########...#######.#
...........#
########...# #@g.#
#...........
#...###..####. ##.
#..# # #..# #..# ..g
####


You could see Ijyb and a hobgoblin.

Vanquished Creatures
  An adder (D:2)
  A white imp (D:3)
  3 dart slugs
  2 ribbon worms (D:2)
  2 ball pythons
  2 bats (D:2)
  2 endoplasms
  3 giant cockroaches
  7 goblins
  A hobgoblin (D:2)
  A quokka (D:1)
  A frilled lizard (D:1)
  4 kobolds
  7 rats
37 creatures vanquished.

Notes
Turn   | Place    | Note
-------+----------+-------------------------------------------
     0 | D:1      | qw the Demigod Hunter began the quest for the Orb.
     0 | D:1      | Reached XP level 1. HP: 17/17 MP: 3/3
     0 | D:1      | 0 ||| qw: Version: 0.3-a-155-g5e7d8dd
     0 | D:1      | 0 ||| qw: Game counter: 41
     0 | D:1      | 0 ||| qw: Melee chars always use a shield: true
     0 | D:1      | 0 ||| qw: God list: Okawaru
     0 | D:1      | 0 ||| qw: Allow faded altars: false
     0 | D:1      | 0 ||| qw: Do Orc after clearing Dungeon:15 true
     0 | D:1      | 0 ||| qw: Do second Lair branch before Depths: true
     0 | D:1      | 0 ||| qw: Lair rune preference: random
     0 | D:1      | 0 ||| qw: Goals: Normal
     0 | D:1      | 0 ||| PLANNING D:1-11
   162 | D:1      | Reached skill level 4 in Ranged Weapons
   176 | D:1      | Reached XP level 2. HP: 24/24 MP: 4/4
   605 | D:1      | 605 ||| UPGRADING to +0 ring mail.
   615 | D:1      | 615 ||| DROPPING +0 leather armour.
   616 | D:1      | 616 ||| UPGRADING to +0 cloak.
   621 | D:1      | 621 ||| READING scroll labelled UHAUJO YJIU.
   621 | D:1      | 621 ||| IDENTIFYING glowing green potion
   622 | D:1      | 622 ||| DROPPING scroll of butterflies.
   623 | D:1      | 623 ||| DROPPING potion of invisibility.
   984 | D:2      | Reached XP level 3. HP: 29/29 MP: 5/5
  1314 | D:2      | 1314 ||| READING scroll of identify.
  1314 | D:2      | 1314 ||| IDENTIFYING fizzy cyan potion
  1315 | D:2      | 1315 ||| READING 2 scrolls labelled QIUCRU MINET.
  1316 | D:2      | 1316 ||| READING scroll labelled VOQOAT CUSSETZ.
  1317 | D:2      | 1317 ||| DRINKING 2 bubbling puce potions.
  1318 | D:2      | 1318 ||| DROPPING scroll of revelation.
  1319 | D:2      | 1319 ||| DROPPING potion of berserk rage.
  1320 | D:2      | 1320 ||| DROPPING potion of magic.
  1467 | D:3      | Reached skill level 5 in Ranged Weapons
  1509 | D:3      | Noticed Ijyb
  1519 | D:3      | HP: 6/29 [constriction (2)]
  1520 | D:3      | Constricted to death by Ijyb

Levels and vault maps discovered:
D:1:      matt_arrival_spirals, layout_rooms, minmay_fountain_box
D:2:      layout_basic, shapermc_ecumenical_altar_rom_forum,
          serial_bayou_pond_d, kennysheep_nondescript
D:3:      layout_loops_ring, mainiacjoe_overflow_boulevard, minitemple,
          uniq_ijyb

Skill      XL: |  1  2  3 |
---------------+----------+-----
Ranged Weapons | 4 5 |  5.0
Fighting       | 2 |  2.0
Dodging        | |  1.7
Stealth        | |  0.8

Action                     || total
---------------------------++-------
   Fire: Shortbow          ||   111
    Use: Scroll            ||     4
         Potion            ||     1
 Armour: Leather armour    ||     2
         Ring mail         ||    20
  Dodge: Dodged            ||    17

Table legend:
 A = Non-vault XP
 B = Vault XP
 C = Vault XP percentage of total XP
 D = Non-vault monster count
 E = Vault monster count
 F = Vault count percentage of total count
                 A         B        C        D         E       F
            +---------+---------+-------+---------+---------+-------
      Total |      91 |       0 |   0.0 |      37 |       0 |   0.0
            +---------+---------+-------+---------+---------+-------
        D:1 |      29 |       0 |   0.0 |      16 |       0 |   0.0
        D:2 |      44 |       0 |   0.0 |      17 |       0 |   0.0
        D:3 |      18 |       0 |   0.0 |       4 |       0 |   0.0
            +---------+---------+-------+---------+---------+-------
